 Dungeon Sprint DCSS version 0.23.2-1-ga50397a6bc (webtiles) character file.

Game seed: 15269795852120258669

1266 Kobolds4U the Imperceptible (level 8, -1/37 HPs)
             Began as a Spriggan Assassin on May 22, 2019.
             Was a Follower of Okawaru.
             Shot with an arrow by a centaur warrior (23 damage)
             ... in the Dungeon (Sprint I: "Red Sonja").
             The game lasted 00:02:14 (193 turns).

Kobolds4U the Imperceptible (Spriggan Assassin)      Turns: 193, Time: 00:02:15

Health: -1/37      AC:  3    Str:  7    XL:     8   Next: 27%
Magic:  9/9        EV: 31    Int: 13    God:    Okawaru [*.....]
Gold:   195        SH:  0    Dex: 19    Spells: 7/7 levels left

rFire    . . .     SeeInvis +   a - +2 dagger
rCold    . . .     Gourm    .   (shield restricted)
rNeg     . . .     Faith    .   c - +0 robe
rPois    .         Spirit   .   (helmet restricted)
rElec    .         Reflect  .   d - +0 cloak
rCorr    .         Harm     .   (gloves unavailable)
MR       +....     NoTele   +   (boots unavailable)
Stlth    ++++......             (no amulet)
HPRegen  0.12/turn              (no ring)
MPRegen  0.11/turn              (no ring)

@: very slightly contaminated, slow
A: very small, unfitting armour, see invisible, herbivore, speed 3, slow
metabolism 2
a: Heroism, Renounce Religion


You were in the Dungeon.
You worshipped Okawaru.
Okawaru was aware of your devotion.
You were not hungry.

You visited 1 branch You collected 415 gold pieces.
You spent 220 gold pieces at shops.

Inventory:

Hand Weapons
 a - a +2 dagger (weapon)
 b - a +0 blowgun
Missiles
 e - 8 poisoned needles
 f - 2 curare-tipped needles
Armour
 c - a +0 robe (worn)
 d - a +0 cloak (worn)
Jewellery
 n - an uncursed ring of resist corrosion
Scrolls
 l - a scroll of identify
Potions
 h - a potion of curing
 i - a potion of heal wounds
 j - a potion of haste
 k - 2 potions of magic
Comestibles
 g - a ration


   Skills:
 + Level 1.5 Fighting
 - Level 2.1 Short Blades
 - Level 2.0 Throwing
 - Level 13.3 Dodging
 + Level 21.8 Stealth


You had 7 spell levels left.
You didn't know any spells.
Your spell library was empty.

Dungeon Overview and Level Annotations

Branches:
Dungeon (1/1)

Altars:
Cheibriados
Dithmenos
Elyvilon
Fedhas
Gozag
Hepliaklqana
Kikubaaqudgha
Makhleb
Nemelex Xobeh
Okawaru
Qazlal
Ru
Sif Muna
Trog
Uskayaw
Vehumet
Wu Jian
Xom
Yredelemnul
Zin
The Shining One
Jiyva
Lugonu

Shops:
D =


Innate Abilities, Weirdness & Mutations

You are very small and have problems with some larger weapons.
You are too small for most types of armour.
You have supernaturally acute eyesight. (SInv)
You are a herbivore.
You cover ground extremely quickly.
You need to consume almost no food.


Message History

Okay, then.
Blink to where?
Press: ? - help, Dir - move target cursor You are very lightly contaminated with residual magic.
As you read the scroll of blinking, it crumbles to dust.
The centaur warrior shouts! x2
The centaur warrior closely misses you. x2
The centaur warrior completely misses you.
As you read the scroll labeled ROM REOKAI, it crumbles to dust.
It is a scroll of identify.
You don't have any unidentified items.
The centaur warrior misses you.
The centaur warrior completely misses you.
The centaur warrior hits you!
You enter the shallow water.
Moving in this stuff is going to be slow.
The centaur warrior wields a +0 longbow.
The centaur warrior shoots an arrow.
The arrow hits you!!
Ouch! That really hurt!
You die...

########################
.#.)').#.)'..#__#..'..)#
.'..#..'..#..'..'..#...#
.#####'#####'#__####)..+
.####..#...#.####§§#####
.#__####..##.#§§§§c#
.#_____##'#_.'≈≈@§§+
⌠#_.∩...'..._#≈§§§c#
##_..__##_.#'##+####
#_____###+#.# #######
###


You could see 2 centaur warriors.

Vanquished Creatures
  2 kobold demonologists (D)
  A slime creature (D)
  Sigmund (D)
  A yak (D)
  A floating eye (D)
  An ogre (D)
  A jelly (D)
  Ijyb (D)
9 creatures vanquished.

Notes
Turn   | Place    | Note
-------+----------+-------------------------------------------
     0 | D        | Kobolds4U the Spriggan Assassin began the quest for the
                  | Orb.
     0 | D        | Reached XP level 1. HP: 10/10 MP: 2/2
     1 | D        | Noticed Ijyb
    10 | D        | Killed Ijyb
    10 | D        | Reached skill level 10 in Stealth
    10 | D        | Reached XP level 2. HP: 14/14 MP: 3/3
    12 | D        | Noticed an ogre
    17 | D        | Killed an ogre
    17 | D        | Reached skill level 14 in Stealth
    17 | D        | Reached XP level 3. HP: 18/18 MP: 4/4
    17 | D        | Reached XP level 4. HP: 22/22 MP: 5/5
    70 | D        | Noticed Sigmund
    73 | D        | Killed Sigmund
    73 | D        | Reached skill level 18 in Stealth
    73 | D        | Reached XP level 5. HP: 25/25 MP: 6/6
    85 | D        | Found an ornate altar of the Wu Jian Council.
    85 | D        | Found a deep blue altar of Sif Muna.
    87 | D        | Found a radiant altar of Vehumet.
    91 | D        | Reached XP level 6. HP: 30/30 MP: 7/7
    93 | D        | Found Offauv's Jewellery Emporium.
    93 | D        | Found an ancient bone altar of Kikubaaqudgha.
    93 | D        | Found a hazy altar of Hepliaklqana.
    93 | D        | Found a stormy altar of Qazlal.
    93 | D        | Found a hide-covered altar of Uskayaw.
    93 | D        | Found a blossoming altar of Fedhas.
    93 | D        | Found a bloodstained altar of Trog.
    93 | D        | Found an iron altar of Okawaru.
    93 | D        | Found a basalt altar of Yredelemnul.
    93 | D        | Found a glowing golden altar of the Shining One.
    93 | D        | Found a snail-covered altar of Cheibriados.
    93 | D        | Found a sacrificial altar of Ru.
    93 | D        | Found a glowing silver altar of Zin.
    93 | D        | Found a shadowy altar of Dithmenos.
    93 | D        | Found a white marble altar of Elyvilon.
    93 | D        | Noticed a yak
    94 | D        | Found an opulent altar of Gozag.
    95 | D        | Killed a yak
    95 | D        | Reached skill level 19 in Stealth
   129 | D        | Found a sparkling altar of Nemelex Xobeh.
   133 | D        | Bought an uncursed ring of resist corrosion for 220 gold
                  | pieces
   134 | D        | Became a worshipper of Warmaster Okawaru
   146 | D        | Found a viscous altar of Jiyva.
   146 | D        | Found a corrupted altar of Lugonu.
   146 | D        | Noticed a slime creature
   147 | D        | Found a burning altar of Makhleb.
   147 | D        | Found a shimmering altar of Xom.
   149 | D        | Killed a slime creature
   149 | D        | Reached skill level 20 in Stealth
   149 | D        | Reached XP level 7. HP: 33/33 MP: 8/8
   161 | D        | Noticed a kobold demonologist
   162 | D        | Noticed a kobold demonologist
   164 | D        | Reached skill level 10 in Dodging
   166 | D        | Killed a kobold demonologist
   166 | D        | Reached * piety under Okawaru
   166 | D        | Reached skill level 21 in Stealth
   168 | D        | Killed a kobold demonologist
   168 | D        | Reached XP level 8. HP: 37/37 MP: 9/9
   189 | D        | Noticed a centaur warrior
   191 | D        | Noticed a centaur warrior
   193 | D        | Shot with an arrow by a centaur warrior

Skill      XL: |  1  2  3  4  5  6  7 |
---------------+----------------------+-----
Stealth        | 10 14 18 20 21 | 21.8
Dodging        | 3 9 13 | 13.3
Fighting       | |  1.5
Short Blades   | |  2.1
Throwing       | |  2.0

Action                   |  1- 3 |  4- 6 |  7- 9 || total
-------------------------+-------+-------+-------++-------
Melee: Dagger            |    10 |     4 |     3 ||    17
  Use: Potion            |     1 |       |       ||     1
       Scroll            |       |       |     2 ||     2
 Stab: Sleeping          |       |     4 |     3 ||     7
Armor: Robe              |     1 |       |       ||     1
Dodge: Dodged            |     5 |       |     5 ||    10
